 Dungeon Crawl Stone Soup version 0.20-a0-766-g52e1353 (webtiles) character file.

564 Laan the Skirmisher (level 7, 0/44 HPs)
             Began as a Gargoyle Fighter on Feb 26, 2017.
             Was an Initiate of Qazlal.
             Slain by an orc (1 damage)
             ... on level 5 of the Dungeon.
             The game lasted 00:08:05 (3159 turns).

Laan the Skirmisher (Gargoyle Fighter)              Turns: 3159, Time: 00:08:06

Health: 0/44       AC: 14    Str: 21    XL:     7   Next: 32%
Magic:  7/7        EV:  7    Int:  9    God:    Qazlal [......]
Gold:   201        SH:  9    Dex:  9    Spells: 6/6 levels left

rFire    + + .     SeeInvis .   a - +1 trident
rCold    + . .     Gourm    .   j - +2 scale mail {rF+}
rNeg     + . .     Faith    .   c - +0 shield
rPois    ∞         Spirit   .   (no helmet)
rElec    +         Reflect  .   (no cloak)
rCorr    .         Harm     .   (no gloves)
MR       .....                  k - +0 pair of boots
Stlth    ..........             (no amulet)
Regen    0.2/turn               m - ring of protection from fire
MPRegen  0.1/turn               l - ring of protection from cold

@: no status effects
A: negative energy resistance 1, electricity resistance, unbreathing,
petrification resistance, rot immunity, AC +4
a: Renounce Religion


You were on level 5 of the Dungeon.
You worshipped Qazlal.
Qazlal was noncommittal.
You were not hungry.

You visited 2 branches of the dungeon, and saw 6 of its levels.

You collected 201 gold pieces.

Inventory:

Hand Weapons
 a - a +1 trident (weapon)
Armour
 c - a +0 shield (worn)
 j - a +2 scale mail of fire resistance (worn)
 k - a +0 pair of boots (worn)
Jewellery
 l - a ring of protection from cold (left hand)
 m - a ring of protection from fire (right hand)
 x - a +1 ring of protection
Wands
 h - a wand of acid (7/15)
Scrolls
 b - a scroll of amnesia {unknown}
 n - 3 scrolls of remove curse
 p - 4 scrolls of enchant weapon
 r - 2 scrolls of magic mapping {unknown}
 s - a scroll of fear {unknown}
 t - 2 scrolls of identify {unknown}
 u - a scroll of random uselessness {unknown}
Potions
 d - 5 potions of might
 e - a potion of cancellation {unknown}
 g - 2 potions of heal wounds {unknown}
 i - a potion of brilliance {unknown}
 o - 2 potions of curing {unknown}
 q - a potion of resistance {unknown}
 v - 2 potions of flight {unknown}
Comestibles
 f - 3 bread rations
 w - 2 chunks of flesh


   Skills:
 + Level 5.3 Fighting
 * Level 5.2 Polearms
 - Level 3.2 Armour
 + Level 5.1 Shields


You had 6 spell levels left.
You didn't know any spells.

Dungeon Overview and Level Annotations

Branches:
Dungeon (5/15)             Temple (1/1) D:4

Altars:
Ashenzari
Cheibriados
Dithmenos
Fedhas
Kikubaaqudgha
Makhleb
Nemelex Xobeh
Okawaru
Qazlal
Trog
Vehumet
Xom
Yredelemnul
Zin
The Shining One

Shops:
D:4 }


Innate Abilities, Weirdness & Mutations

You are resistant to torment.
Your stone body is resilient. (AC +4)
You are immune to poison.
You resist negative energy. (rN+)
You are resistant to electric shocks. (rElec)
You can survive without breathing.
You are immune to petrification.
You are immune to rotting.


Message History

You barely miss the orc.
You feel less confused.
You hear some strange, mumbled words.
A magic dart appears from out of thin air!
The magic dart hits you!
* * * LOW HITPOINT WARNING * * *
The orc barely misses you.
You hear some strange, mumbled words.
Something tries to affect you, but you resist.
Okay, then.
Unknown command.
You hit something. Qazlal accepts your kill.
Reactivating autopickup.
You feel a bit more experienced. You block the orc's attack.
The orc closely misses you.
You barely miss the orc. The orc closely misses you.
Your scale mail prevents you from hitting the orc.
The orc hits you.
You die...

###############
####...........@)#
##....#####.#####o#
..[...#⌠≈≈###≈≈⌠#a#########
......#≈≈≈≈≈≈≈≈≈#oJ.......#
......#≈≈≈###≈≈≈#.....)...#
......##≈##.##≈##.........#
.......'≈#._.≈≈#..............
......##≈##.##≈##.............
......#≈≈≈###≈≈≈#.............


You could see a jelly, a worker ant and 2 orcs.

Vanquished Creatures
  A centaur (D:3)
  2 crimson imps (D:5)
  A centaur skeleton (D:3)
  3 orc wizards
  Terence (D:2)
  4 worker ants
  2 adders
  3 gnolls (D:3)
  2 oozes (D:3)
  An adder skeleton (D:4)
  5 worms
  2 dart slugs (D:1)
  4 leopard geckos
  6 orcs
  A ball python (D:1)
  14 bats
  5 giant cockroaches
  6 goblins
  7 hobgoblins
  18 jackals
  2 quokkas
  4 frilled lizards
  10 kobolds
  6 rats
110 creatures vanquished.

Notes
Turn   | Place    | Note
-------+----------+-------------------------------------------
     0 | D:1      | Laan the Gargoyle Fighter began the quest for the Orb.
     0 | D:1      | Reached XP level 1. HP: 14/14 MP: 1/1
   146 | D:1      | Reached XP level 2. HP: 16/19 MP: 2/2
   322 | D:1      | Reached XP level 3. HP: 24/24 MP: 3/3
  1032 | D:2      | Reached XP level 4. HP: 24/29 MP: 4/4
  1431 | D:2      | Noticed Terence
  1443 | D:2      | Killed Terence
  1557 | D:3      | Reached XP level 5. HP: 28/33 MP: 5/5
  1679 | D:3      | Noticed a centaur
  1701 | D:3      | Killed a centaur
  1701 | D:3      | Reached XP level 6. HP: 16/40 MP: 6/6
  2531 | D:4      | Found Yjoliess's Gadget Shoppe.
  2548 | D:4      | Reached skill level 5 in Fighting
  2691 | D:4      | Found an iron altar of Okawaru.
  2691 | D:4      | Found a glowing golden altar of the Shining One.
  2699 | D:4      | Found a faded altar of an unknown god.
  2701 | D:4      | Found a faded altar of an unknown god.
  2702 | D:4      | Found a blossoming altar of Fedhas.
  2742 | D:4      | Found a staircase to the Ecumenical Temple.
  2752 | Temple   | Entered the Ecumenical Temple
  2794 | Temple   | Became a worshipper of Qazlal Stormbringer
  2952 | D:5      | Entered Level 5 of the Dungeon
  2976 | D:5      | Reached XP level 7. HP: 44/44 MP: 7/7
  3022 | D:5      | Reached skill level 5 in Polearms
  3022 | D:5      | Reached skill level 5 in Shields
  3031 | D:5      | Found a snail-covered altar of Cheibriados.
  3156 | D:5      | HP: 1/44 [something/magic dart (10)]
  3159 | D:5      | Slain by an orc

Vault maps used:
D:1:      co_arrival_random_square_maze
D:2:      st_stairs_8, minmay_tetromino_t4, uniq_terence
D:3:      grunt_decor_cap
D:4:      chequers_temple_overflow_minitemple, minmay_temple_entry_overgrown,
          serial_shops, nicolae_shop_waterfront, first_bread
D:5:      st_stairs_8, minmay_strange_pillars, minmay_misc_feat_square,
          cheibrodos_worm_habitat
Temple:   nicolae_temple_elliptical

Skill      XL: |  1  2  3  4  5  6  7 |
---------------+----------------------+-----
Polearms       | 2 3 4 5 |  5.2
Fighting       | 4 5 |  5.3
Shields        | 4 5 |  5.1
Armour         | |  3.2

Action                   |  1- 3 |  4- 6 |  7- 9 || total
-------------------------+-------+-------+-------++-------
Melee: Trident           |   175 |   244 |    61 ||   480
  Use: Scroll            |     2 |       |       ||     2
  Eat: Chunk             |     1 |     6 |     1 ||     8
Armor: Scale mail        |    59 |   155 |    36 ||   250
       Ring mail         |    17 |       |       ||    17
Dodge: Dodged            |    39 |    69 |    11 ||   119
Block: Shield            |    73 |   138 |    10 ||   221
